Map: Jagannatha LE

Players

GogojOey

  • Race: Zerg Zerg

Nice - Winner!

  • Race: Protoss Protoss

Event: DreamHack SC2 Masters 2021 Summer

VOD

Have the link to the VOD?

Description

Time

  • Played on: May 19, 2021, 8:47 a.m.
  • Length: 9:37

All games in this series

Show
View Real Time Build Order
Export as new Build Order

GogojOey Zerg 

Build Orders: Pool First 

Get SALT Encoding   

  12  0:17  Spawning Pool  
  11  0:22  Drone  
  11  0:27  Drone  
  13  0:31  Drone  
  14  0:40  Overlord  
  14  1:03  Zergling x4  
  18  1:05  Zergling x2  
  19  1:16  Zergling x2  
  20  1:21  Hatchery  
  17  1:26  Zergling x2  
  18  1:34  Queen  
  18  1:39  Drone  
  21  1:48  Overlord  
  21  1:59  Drone  
  22  2:09  Queen  
  22  2:10  Drone  
  25  2:20  Drone  
  26  2:24  Extractor  
  25  2:30  Drone  
  26  2:38  Hatchery  
  26  2:43  Drone x2  
  27  2:47  Drone  
  27  2:51  Drone  
  29  2:56  Drone  
  30  3:00  Drone  
  30  3:02  Drone  
  32  3:14  Overlord  
  32  3:15  Drone  
  32  3:16  Drone  
  33  3:30  Drone x3  
  33  3:34  Drone x2  
  38  3:43  Drone x2  
  38  3:46  Metabolic Boost  
  40  3:50  Drone x3  
  40  3:51  Drone  
  40  3:55  Overlord  
  44  4:05  Spore Crawler  
  44  4:13  Drone x6  
  50  4:22  Drone  
  50  4:24  Overlord  
  50  4:28  Evolution Chamber  
  49  4:33  Overlord  
  49  4:36  Drone  
  50  4:40  Overlord  
  50  4:41  Spore Crawler  
  48  4:48  Drone x5, Spore Crawler  
  48  4:49  Drone  
  53  4:53  Spore Crawler  
  52  5:01  Roach Warren  
  52  5:05  Zergling x6  
  52  5:06  Queen  
  52  5:07  Queen  
  56  5:08  Zergling x2  
  56  5:10  Zergling x2  
  56  5:11  Zergling x2  
  61  5:17  Zergling x4  
  62  5:28  Drone  
  62  5:32  Spore Crawler  
  62  5:33  Overlord  
  62  5:34  Drone x3  
  62  5:35  Drone  
  64  5:40  Drone x2  
  65  5:43  Lair  
  65  5:49  Overlord x3  
  66  5:53  Extractor  
  66  5:54  Extractor  
  63  5:58  Roach  
  63  6:01  Roach x2  
  69  6:07  Roach x2  
  69  6:09  Drone x3  
  76  6:14  Queen  
  80  6:18  Roach  
  80  6:20  Zergling x2  
  80  6:21  Queen  
  80  6:23  Spine Crawler, Zergling x6, Roach  
  87  6:28  Overlord  
  87  6:34  Roach x4  
  87  6:37  Zergling x2  
  94  6:49  Queen  
  94  6:53  Drone x7  
  95  6:56  Drone  
  97  7:03  Glial Reconstitution, Roach  
  97  7:05  Roach  
  97  7:06  Zergling x2, Roach x2  
  105  7:13  Overlord x2  
  105  7:14  Overlord  
  105  7:19  Overlord x2  
  105  7:22  Overlord  
  105  7:31  Overlord  
  105  7:35  Zergling x4, Roach x3  
  105  7:36  Ravager x3  
  114  7:37  Zergling x2  
  114  7:41  Zergling x8  
  114  7:42  Queen x2  
  123  7:46  Zergling x4  
  123  7:48  Ravager  
  122  7:52  Zergling x2  
  120  8:04  Zergling x6  
  113  8:08  Roach  
  110  8:17  Zergling x2  
  110  8:18  Ravager x2, Zergling x2  
  110  8:19  Hatchery, Queen, Ravager  
  114  8:21  Queen  
  114  8:22  Zergling x6  
  119  8:27  Zergling x2  
  116  8:36  Zergling x2, Roach  
  107  8:46  Roach  
  97  8:50  Zergling x4, Roach  
  97  8:54  Zergling x2, Roach  
  97  8:55  Queen  
  90  8:59  Roach  
  89  9:03  Roach  
Show
View Real Time Build Order
Export as new Build Order

Nice Protoss - Winner!

Build Orders:  

Get SALT Encoding   

  12  0:00  Probe  
  13  0:12  Probe  
  14  0:20  Pylon  
  14  0:24  Probe  
  15  0:38  Probe (Chrono Boost)  
  15  0:41  Gateway  
  16  0:49  Probe (Chrono Boost)  
  17  0:53  Assimilator  
  17  0:54  Probe (Chrono Boost)  
  18  1:04  Probe  
  19  1:13  Gateway  
  19  1:27  Zealot (Chrono Boost)  
  19  1:28  Cybernetics Core  
  21  1:33  Pylon  
  21  1:46  Zealot (Chrono Boost)  
  24  2:11  Adept (Chrono Boost)  
  24  2:16  Adept (Chrono Boost)  
  26  2:33  Nexus  
  30  2:45  Probe  
  30  2:48  Stalker  
  30  2:51  Pylon  
  29  2:57  Probe  
  30  3:01  Assimilator, Warp Gate  
  30  3:09  Probe (Chrono Boost)  
  32  3:20  Probe (Chrono Boost)  
  32  3:25  Probe (Chrono Boost)  
  33  3:33  Robotics Facility  
  33  3:36  Probe (Chrono Boost)  
  34  3:45  Probe (Chrono Boost)  
  36  3:51  Sentry  
  36  3:53  Probe (Chrono Boost)  
  36  3:55  Probe (Chrono Boost)  
  39  4:00  Probe x2 (Chrono Boost)  
  41  4:04  Pylon  
  41  4:11  Probe  
  41  4:12  Probe  
  43  4:20  Warp Prism (Chrono Boost)  
  43  4:23  Probe  
  45  4:24  Probe  
  45  4:28  Robotics Bay  
  45  4:36  Probe x2  
  47  4:46  Immortal (Chrono Boost)  
  47  4:48  Probe x2  
  53  4:57  Assimilator  
  53  4:58  Pylon  
  53  4:59  Assimilator  
  53  5:00  Probe  
  53  5:02  Adept x2  
  53  5:04  Probe  
  59  5:12  Probe  
  60  5:14  Pylon  
  60  5:16  Probe, Disruptor (Chrono Boost)  
  64  5:24  Probe  
  64  5:28  Probe  
  66  5:43  Disruptor (Chrono Boost)  
  66  5:45  Gateway x2  
  69  5:50  Probe, Gateway  
  69  5:51  Gateway  
  70  6:02  Gateway  
  70  6:05  Gateway  
  70  6:10  Disruptor (Chrono Boost)  
  73  6:19  Stalker, Sentry  
  77  6:27  Pylon  
  77  6:34  Pylon  
  77  6:36  Pylon  
  77  6:40  Disruptor (Chrono Boost)  
  78  6:54  Stalker x6  
  84  7:03  Pylon  
  84  7:04  Pylon  
  84  7:09  Observer (Chrono Boost)  
  84  7:10  Stalker  
  84  7:11  Stalker  
  89  7:20  Pylon  
  89  7:21  Stalker x2  
  89  7:22  Stalker  
  93  7:48  Stalker x4  
  93  7:49  Stalker x2  
  105  8:14  Stalker x6  
  105  8:17  Pylon  
  106  8:48  Stalker x2  
  106  8:49  Stalker x5  
Tags
 
Add a new tag
Caveats
  • Supply blocks, unpowered buildings, or Contaminate may cause inaccurate times.
  • Supply counts are checked every 10 seconds.